 Dungeon Crawl Stone Soup version 0.30-a0-576-g89cddaab80 (webtiles) character file.

Game seed: 6931440139912876249

880 porpoise the Skirmisher (level 8, -11/62 HPs)
             Began as a Human Hunter on Dec 31, 2022.
             Mangled by a gnoll
             ... wielding a +0 halberd
             ... led by a gnoll bouda
              (12 damage)
             ... on level 5 of the Dungeon.
             The game lasted 00:12:19 (4057 turns).

porpoise the Skirmisher (Human Hunter)              Turns: 4057, Time: 00:12:19

Health: -11/62     AC:  7    Str: 11    XL:     8   Next: 25%
Magic:  8/8        EV: 11    Int:  9    God:
Gold:   121        SH:  0    Dex: 26    Spells: 7/7 levels left

rFire   . . .      SeeInvis .    a - +0 shortbow
rCold   . . .      Faith    .    (shield currently unavailable)
rNeg    . . .      Spirit   .    l - +0 ring mail
rPois   +          Reflect  .    n - +1 helmet
rElec   .          Harm     .    (no cloak)
rCorr   .          Rampage  .    (no gloves)
Will    .....                    (no boots)
Stlth   ++                       (no amulet)
HPRegen 0.30/turn                s - ring of poison resistance
MPRegen 0.11/turn                k - +6 ring of dexterity

@: no status effects
A: no striking features
a: no special abilities


You were on level 5 of the Dungeon.
You visited 1 branch of the dungeon, and saw 5 of its levels.
You also visited: Ossuary.

You collected 196 gold pieces.
You spent 75 gold pieces at shops.

Inventory:

Hand Weapons
 a - a +0 shortbow (weapon)
 b - a +0 dagger of venom
Missiles
 t - a throwing net
Armour
 l - a +0 ring mail (worn)
 n - a +1 helmet (worn)
Jewellery
 e - a ring of protection from fire
 k - a +6 ring of dexterity (right hand)
 p - a ring of wizardry
 s - a ring of poison resistance (left hand)
Scrolls
 d - 2 scrolls of vulnerability
 f - a scroll of teleportation
 i - 2 scrolls of blinking
 o - 3 scrolls of immolation
 r - a scroll of enchant weapon {unknown}
 u - a scroll of identify
 x - a scroll of fear {unknown}
 y - a scroll of poison {unknown}
Potions
 c - 2 potions of flight
 g - 2 potions of lignification
 h - a potion of magic
 j - 6 potions of brilliance
 m - 4 potions of heal wounds
 q - 4 potions of curing
 v - a potion of haste
 w - a potion of mutation


   Skills:
 - Level 5.0 Fighting
 * Level 8.5 Ranged Weapons
 + Level 0.5 Armour
 - Level 2.0 Dodging
 - Level 1.0 Stealth


You had 7 spell levels left.
You didn't know any spells.
Your spell library contained the following spells:

 Spells                   Type           Power      Damage    Failure   Level
 Cigotuvi's Dreadful Rot  Necr/Pois/Air  0%         N/A       83%         2
 Poisonous Vapours        Pois/Air       0%         N/A       83%         2
 Mephitic Cloud           Conj/Pois/Air  0%         N/A       96%         3
 Fireball                 Conj/Fire      0%         3d3       100%        5
 Iskenderun's Battlesphe  Conj           0%         2d6       100%        5
 Conjure Ball Lightning   Conj/Air       0%         3x3d7     100%        6
 Orb of Destruction       Conj           0%         9d5       100%        7


Dungeon Overview and Level Annotations

Branches:
Dungeon (5/15)            Ossuary (visited)
 Temple: D:4-7

Altars:
Cheibriados
Fedhas

Shops:
D:2 ?

Annotations:
D:3 3 runed translucent doors, MakMorn's ghost, amateur DjCK


Message History

Press: ? - help, Q - select action, (/) - cycle Shift-Dir - straight line, f/p - gnoll
Aim: a gnoll, wielding a +0 flail (lightly wounded, 73% to hit)
You shoot an arrow. The arrow barely misses the gnoll.
The arrow hits the gnoll.
The gnoll is heavily wounded.
The gnoll misses you. The gnoll hits you with a +0 flail.
Fire: a) +0 shortbow
Press: ? - help, Q - select action, (/) - cycle Shift-Dir - straight line, f/p - gnoll
Aim: a gnoll, wielding a +0 flail (lightly wounded, 73% to hit)
You shoot an arrow. The arrow closely misses the gnoll.
The arrow hits the gnoll.
The gnoll is almost dead.
The gnoll hits you but does no damage. The gnoll closely misses you.
The gnoll hits you but does no damage. The gnoll barely misses you.
Fire: a) +0 shortbow
Press: ? - help, Q - select action, (/) - cycle Shift-Dir - straight line, f/p - gnoll
Aim: a gnoll, wielding a +0 flail (lightly wounded, 73% to hit)
You shoot an arrow. The arrow hits the gnoll.
The gnoll is moderately wounded.
The gnoll hits you from afar with a +0 halberd!
* * * LOW HITPOINT WARNING * * *
The gnoll hits you with a +0 flail.
* * * LOW HITPOINT WARNING * * *
Fire: a) +0 shortbow
Press: ? - help, Q - select action, (/) - cycle Shift-Dir - straight line, f/p - gnoll
Aim: a gnoll, wielding a +0 flail (moderately wounded, 73% to hit)
You shoot an arrow. The arrow hits the gnoll.
The gnoll is heavily wounded.
The gnoll hits you from afar with a +0 halberd.
* * * LOW HITPOINT WARNING * * *
The gnoll hits you with a +0 flail!
* * * LOW HITPOINT WARNING * * *
Fire: a) +0 shortbow
Press: ? - help, Q - select action, (/) - cycle Shift-Dir - straight line, f/p - gnoll
Aim: a gnoll, wielding a +0 flail (heavily wounded, 73% to hit)
You shoot an arrow. The arrow hits the gnoll.
The gnoll is severely wounded.
The gnoll misses you.
The gnoll hits you from afar with a +0 halberd!
You die...

#.#### #.... #.#
#..# ###.# #..#
...... #..###.#
#.# #......# #.#
#.##.### #g#
#.##.# #g#
#.##.#####@####.#
#.........$.....#
####..##.########
##.##.# #.##.#
#.##.# #.##.#
#.##.# #.##.#


You could see 2 gnolls.

Vanquished Creatures
  Grinder (D:5)
  An ice beast (D:5)
  A kobold brigand (D:4)
  A centaur zombie (Ossuary)
  3 human zombies (Ossuary)
  A hound (D:5)
  3 orc priests
  A gnoll bouda (D:5)
  An orc wizard (D:3)
  2 mummies (Ossuary)
  Robin (D:2)
  2 gnolls (D:5)
  4 adders
  3 adder zombies (Ossuary)
  3 worms (D:2)
  2 dart slugs
  6 orcs
  6 endoplasms
  A giant cockroach (D:1)
  16 goblins
  11 hobgoblins
  16 kobolds
  2 quokkas
  6 ball pythons
  5 bats
  8 frilled lizards
  2 goblin zombies (Ossuary)
  12 hobgoblin zombies (Ossuary)
  8 kobold zombies (Ossuary)
  7 orc zombies (Ossuary)
  8 rats
  A rat zombie (Ossuary)
145 creatures vanquished.

Vanquished Creatures (others)
  13 plants (D:4)
13 creatures vanquished.

Grand Total: 158 creatures vanquished

Notes
Turn   | Place    | Note
-------+----------+-------------------------------------------
     0 | D:1      | porpoise the Human Hunter began the quest for the Orb.
     0 | D:1      | Reached XP level 1. HP: 16/16 MP: 1/1
    85 | D:1      | Reached XP level 2. HP: 22/22 MP: 2/2
   402 | D:1      | Reached XP level 3. HP: 28/28 MP: 3/3
   948 | D:2      | Noticed Robin
   950 | D:2      | Reached XP level 4. HP: 33/34 MP: 4/4
   962 | D:2      | Reached skill level 5 in Ranged Weapons
   989 | D:2      | Killed Robin
  1367 | D:2      | Reached XP level 5. HP: 41/41 MP: 5/5
  1529 | D:2      | Found Ovaukler's Magic Scroll Boutique.
  1537 | D:2      | Bought a scroll of blinking for 75 gold pieces
  1966 | D:3      | Found a runed translucent gate.
  1966 | D:3      | Found a runed translucent gate.
  1967 | D:3      | Found a runed translucent gate.
  1985 | D:3      | Noticed MakMorn's ghost (amateur DjCK)
  2270 | D:3      | Reached skill level 6 in Ranged Weapons
  2292 | D:3      | Reached XP level 6. HP: 36/48 MP: 6/6
  2599 | D:4      | Found a sand-covered staircase.
  2604 | Ossuary  | Entered an ossuary
  2846 | Ossuary  | Reached XP level 7. HP: 48/54 MP: 7/7
  2906 | Ossuary  | Reached skill level 7 in Ranged Weapons
  3024 | D:4      | Found a blossoming altar of Fedhas.
  3172 | D:4      | Found a snail-covered altar of Cheibriados.
  3633 | D:5      | Entered Level 5 of the Dungeon
  3865 | D:5      | Noticed Grinder
  3877 | D:5      | Killed Grinder
  3878 | D:5      | Reached skill level 5 in Fighting
  3878 | D:5      | Reached skill level 8 in Ranged Weapons
  3878 | D:5      | Reached XP level 8. HP: 29/62 MP: 8/8
  4056 | D:5      | HP: 1/62 [gnoll/+0 flail[a gnoll bouda] (7)]
  4057 | D:5      | Mangled by a gnoll

Illustrated notes

Levels and vault maps discovered:
D:1:      scummos_arrival_forest, layout_basic
D:2:      layout_loops_ring, serial_shops, shop, hex_large, uniq_robin
D:3:      layout_loops_ring, gammafunk_ghost_split,
          ebering_dispersal_statue_hall, kennysheep_orc_chapel
D:4:      layout_rooms, fedhas_ov_isle_minmay, cheibriados_altar_1,
          nicolae_ossuary_entry_false_entrances, lexackson_kobold_supper
D:5:      layout_loops_ring, minmay_manual_moon, uniq_grinder

Skill      XL: |  1  2  3  4  5  6  7 |
---------------+----------------------+-----
Ranged Weapons | 5 6 8 |  8.5
Fighting       | 3 4 5 |  5.0
Armour         | |  0.5
Dodging        | |  2.0
Stealth        | |  1.0

Action                   |  1- 3 |  4- 6 |  7- 9 || total
-------------------------+-------+-------+-------++-------
 Fire: Shortbow          |    79 |   227 |   127 ||   433
  Use: Scroll            |       |     7 |     6 ||    13
       Potion            |       |       |     1 ||     1
Armor: Leather armour    |     7 |       |       ||     7
       Ring mail         |       |    68 |    19 ||    87
Dodge: Dodged            |    14 |    58 |    48 ||   120

Table legend: (Time is in decaauts)
 A = Elapsed time spent in this place.
 B = Non-inter-level travel time spent in this place.
 C = Inter-level travel time spent in this place.
 D = Time resting spent in this place.
 E = Time spent auto-exploring this place.
 F = Levels seen in this place.
 G = Mean time per level.
                   A        B        C        D        E       F      G
               +--------+--------+--------+--------+--------+-----+--------+
         Total |   4197 |   4037 |    160 |    588 |   2408 |   6 |  699.5 |
       Dungeon |   3808 |   3648 |    160 |    541 |   2408 |   5 |  761.6 |
       Ossuary |    388 |    388 |      0 |     47 |      0 |   1 |  388.0 |
               +--------+--------+--------+--------+--------+-----+--------+

Top non-repeatable levels by time:
     D:1: 990 daAuts
     D:2: 858 daAuts
     D:3: 821 daAuts
     D:4: 701 daAuts
     D:5: 436 daAuts
 Ossuary: 388 daAuts
